 Dungeon Crawl Stone Soup version 0.26.1 (webtiles) character file.

Game seed: 9993763618439974277

248162 Eurus the Black Belt (level 19, 0/170 HPs)
             Began as a Pale Draconian Transmuter on Feb 4, 2021.
             Was the Champion of Qazlal.
             Slain by a merfolk impaler
             ... wielding a +0 trident of pain
              (2 damage)
             ... on level 3 of the Shoals on Feb 6, 2021.
             The game lasted 03:47:19 (56727 turns).

Eurus the Black Belt (Pale Draconian Transmuter)   Turns: 56727, Time: 03:47:21

Health: 0/170      AC: 15    Str: 14    XL:     19   Next: 57%
Magic:  32/35      EV: 24    Int: 14    God:    Qazlal [******]
Gold:   4006       SH:  8    Dex: 18    Spells: 17/42 levels left

rFire    + + .     SeeInvis .     - Unarmed
rCold    + + +     Faith    .   (shield currently unavailable)
rNeg     + . .     Spirit   .   (armour unavailable)
rPois    +         Reflect  .   I - -2 hat of the Alchemist {rElec rPois rF+ rC+ rN+ Will+ rMut rCorr}
rElec    +         Harm     .   y - +2 cloak {rF+}
rCorr    +         Rampage  .   (gloves currently unavailable)
rMut     +                      B - +0 pair of boots
Will     ++...                  P - amulet of Wigoskex {RegenMP rC+}
Stlth    +.........             c - ring "Qaurod" {+Fly rElec rC+}
HPRegen  0.38/turn              (no ring)
MPRegen  0.49/turn

@: blade hands, wereblooded, protected from physical damage, repel missiles
A: breathe steam, unfitting armour, cold-blooded, AC +10
a: Breathe Steam, End Transformation, Renounce Religion, Evoke Flight, Upheaval,
Elemental Force, Disaster Area


You were on level 3 of the Shoals.
You worshipped Qazlal.
Qazlal was exalted by your worship.
You had blades for hands.
You visited 9 branches of the dungeon, and saw 36 of its levels.
You visited the Abyss 1 time.
You also visited: Trove, Ossuary, Bailey, Ice Cave and Volcano.

You collected 4889 gold pieces.
You spent 883 gold pieces at shops.

Inventory:

Armour
 d - a +0 troll leather armour
 y - a +2 cloak of fire resistance (worn)
 B - a +0 pair of boots (worn)
 I - the -2 hat of the Alchemist (worn) {rElec rPois rF+ rC+ rN+ Will+ rMut rCorr}
   (You found it in a treasure trove)

   It protects you from fire.
   It protects you from cold.
   It insulates you from electricity.
   It protects you from poison.
   It protects you from negative energy.
   It affects your willpower, your defense against some magical effects.
   It provides partial protection from all sources of acid and corrosion.
   It protects you from mutation.
 L - a +2 pair of gloves of dexterity (melded)
Jewellery
 c - the ring "Qaurod" (left scythe-like blade) {+Fly rElec rC+}
   (You found it on level 3 of the Elven Halls)

   [ring of flight]

   It protects you from cold.
   It insulates you from electricity.
   It lets you fly.
 e - an uncursed ring of protection from fire
 i - an uncursed ring of poison resistance
 m - a +6 ring of strength
 n - a +4 ring of protection
 r - a +4 ring of protection
 x - a +6 ring of intelligence
 z - an uncursed ring of wizardry
 P - the amulet of Wigoskex (around neck) {RegenMP rC+}
   (You found it in a treasure trove)

   [amulet of magic regeneration]

   It increases your magic regeneration.
   It protects you from cold.
 T - a +6 ring of dexterity
 V - an uncursed ring of see invisible
 W - a +6 ring of intelligence
 Y - an uncursed ring of ice
Wands
 h - a wand of paralysis (5)
 v - a wand of digging (21)
Scrolls
 a - 15 scrolls of remove curse
 b - 13 scrolls of identify
 j - 19 scrolls of teleportation
 t - 5 scrolls of enchant armour
 u - 8 scrolls of amnesia
 F - 8 scrolls of blinking
 G - 2 scrolls of fear
 O - 4 scrolls of summoning
 Q - 3 scrolls of silence
 S - 4 scrolls of magic mapping
 X - 2 scrolls of holy word
Potions
 f - 10 potions of brilliance
 g - 20 potions of curing
 l - 4 potions of haste
 p - 4 potions of ambrosia
 q - 3 potions of magic
 s - 5 potions of resistance
 w - 3 potions of heal wounds
 E - a potion of berserk rage
 H - 2 potions of flight
 M - 2 potions of might
 N - 5 potions of mutation


   Skills:
 + Level 15.4 Fighting
 + Level 14.2 Dodging
 + Level 16.6 Unarmed Combat
 - Level 12.0 Spellcasting
 - Level 4.0 Conjurations
 + Level 16.4 Transmutations
 + Level 11.0 Air Magic
 - Level 4.0 Poison Magic


You had 17 spell levels left.
You knew the following spells:

 Your Spells              Type           Power        Failure   Level
a - Beastly Appendage     Tmut           100%         3%          1
b - Wereblood             Tmut           53%          3%          2
c - Magic Dart            Conj           76%          19%         1
d - Blade Hands           Tmut           26%          10%         5
e - Mephitic Cloud        Conj/Pois/Air  26%          21%         3
f - Swiftness             Air            39%          8%          2
g - Airstrike             Air            19%          14%         4
h - Dragon Form           Tmut           26%          43%         7

Your spell library contained the following spells:

 Spells                   Type           Power        Failure   Level
 Shock                    Conj/Air       100%         11%         1
 Passwall                 Tmut/Erth      25%          11%         2
 Spider Form              Tmut/Pois      18%          11%         3
 Poisonous Vapours        Pois/Air       58%          12%         2
 Static Discharge         Conj/Air       29%          16%         3
 Corpse Rot               Necr/Air       N/A          17%         2
 Ignite Poison            Fire/Tmut/Pois 27%          19%         3
 Hydra Form               Tmut           26%          19%         6
 Searing Ray              Conj           38%          24%         2
 Ice Form                 Ice/Tmut       31%          26%         4
 Petrify                  Tmut/Erth      31%          26%         4
 Foxfire                  Conj/Fire      56%          28%         1
 Irradiate                Conj/Tmut      18%          28%         5
 Corona                   Hex            8%           43%         1
 Freeze                   Ice            32%          43%         1
 Sandblast                Erth           16%          43%         1
 Summon Small Mammal      Summ           32%          43%         1
 Summon Lightning Spire   Summ/Air       23%          43%         4
 Conjure Flame            Conj/Fire      14%          47%         3
 Dazzling Flash           Conj/Hex       28%          47%         3
 Stone Arrow              Conj/Erth      28%          47%         3
 Lightning Bolt           Conj/Air       14%          47%         5
 Blink                    Tloc           N/A          52%         2
 Call Imp                 Summ           8%           52%         2
 Ensorcelled Hibernation  Hex/Ice        16%          52%         2
 Slow                     Hex            8%           52%         2
 Eringya's Noxious Bog    Tmut/Pois      18%          63%         6
 Silence                  Hex/Air        11%          67%         5
 Call Canine Familiar     Summ           8%           69%         3
 Confusing Touch          Hex            8%           69%         3
 Frozen Ramparts          Ice            16%          69%         3
 Ozocubu's Armour         Ice            8%           69%         3
 Portal Projectile        Hex/Tloc       16%          69%         3
 Summon Guardian Golem    Hex/Summ       8%           69%         3
 Tukima's Dance           Hex            8%           69%         3
 Fulminant Prism          Conj/Hex       7%           78%         4
 Hailstorm                Conj/Ice       14%          78%         4
 Iskenderun's Mystic Bla  Conj/Tloc      14%          78%         4
 Statue Form              Tmut/Erth      20%          82%         6
 Conjure Ball Lightning   Conj/Air       14%          88%         6
 Summon Ice Beast         Ice/Summ       8%           93%         4
 Fireball                 Conj/Fire      7%           96%         5
 Lee's Rapid Deconstruct  Erth           4%           99%         5
 Metabolic Englaciation   Hex/Ice        4%           99%         5
 Summon Forest            Summ/Tloc      4%           99%         5
 Freezing Cloud           Conj/Ice/Air   11%          99%         6
 Ozocubu's Refrigeration  Ice            4%           100%        6
 Simulacrum               Ice/Necr       4%           100%        6
 Starburst                Conj/Fire      7%           100%        6
 Summon Hydra             Summ           4%           100%        7
 Ignition                 Fire           4%           100%        8
 Tornado                  Air            19%          100%        9


Dungeon Overview and Level Annotations

Branches:
Dungeon (15/15)            Temple (1/1) D:5            Lair (6/6) D:10
 Shoals (3/4) Lair:4        Snake (4/4) Lair:2        Slime (1/5) Lair:6
    Orc (2/2) D:11            Elf (3/3) Orc:2        Vaults (0/5) D:14
 Depths (1/5) D:15        Ossuary (visited)          Bailey (visited)
  IceCv (visited)         Volcano (visited)

Altars:
Ashenzari
Cheibriados
Dithmenos
Elyvilon
Fedhas
Gozag
Hepliaklqana
Kikubaaqudgha
Makhleb
Nemelex Xobeh
Okawaru
Qazlal
Ru
Sif Muna
Trog
Uskayaw
Vehumet
Wu Jian
Xom
Yredelemnul
Zin
The Shining One
Jiyva

Shops:
D:7 }   D:15 :   Orc:2 *!!!   Snake:1 !   Snake:2 }   Snake:3 }

Annotations:
Snake:4 1 runed translucent door, Asterion


Innate Abilities, Weirdness & Mutations

You can breathe blasts of scalding, opaque steam.
Your pale cyan-grey scales are hard. (AC +10)
You cannot fit into any form of body armour.
You are cold-blooded and may be slowed by cold attacks.


Message History

You hear an angry hiss.
You hear a shout!
You hear a screech!
You hit the drowned soul. You tail-slap the drowned soul.
The drowned soul is lightly damaged.
The drowned soul touches you. The drowned soul drowns you!
* * * LOW HITPOINT WARNING * * *
You start resting.
A drowned soul comes into view.
The merfolk avatar shouts!
The merfolk avatar chants a haunting song.
You resist with almost no effort. You block the merfolk's attack.
You hear a shout!
You hear an angry hiss.
You hear a screech! x2
The merfolk misses you.
You slash the merfolk!
The merfolk is moderately wounded.
The drowned soul returns to the deep!
The merfolk impaler hits you from afar with a +0 trident of pain!!
* * * LOW HITPOINT WARNING * * *
You feel more protected from physical attacks.
You writhe in agony.
You die...

≈≈≈≈≈≈≈≈≈≈≈≈≈≈≈≈
≈≈≈≈≈≈≈≈≈≈≈≈≈≈≈≈
≈≈≈≈≈≈≈≈≈≈≈≈≈≈≈≈
≈≈≈≈≈≈≈≈≈≈≈≈≈≈...
≈≈≈≈≈≈≈≈°≈≈§......
≈≈≈≈≈≈≈≈≈≈......#
.≈.≈≈≈≈○.......#
...≈≈..≈§W##...#
...≈≈≈≈§.@# W..#
≈≈≈≈≈≈≈.§m###....#
≈≈.......○m.......
≈.......≈.E.......
.$...PPP.Em.≈≈≈≈..
....##P.PmmH≈m≈........
.... #PPP≈≈≈≈≈≈≈≈......
.. .##P≈≈≈≈≈≈≈≈......
?. ...≈P≈≈≈..mH..#.


You could see a merfolk avatar, a merfolk impaler, a merfolk aquamancer, a
merfolk, a manticore, 2 water elementals, a merfolk siren, a water nymph and a
drowned soul (summoned).

Vanquished Creatures
  Vashnia (Snake:4)
  Nikola (Lair:4)
  An Ice Fiend (IceCv)
  2 deep elf master archers (Elf:3)
  3 deep elf blademasters
  Polyphemus (Shoals:1)
  Frances (Shoals:1)
  Donald (Shoals:1)
  Kirke (D:12)
  3 nagarajas (Snake:4)
  A deep elf sorcerer (Elf:3)
  Aizul (Shoals:2)
  7 deep elf elementalists
  4 deep elf demonologists
  6 deep elf annihilators
  6 dire elephants (Lair:6)
  Snorg (D:12)
  2 ettins
  4 merfolk impalers
  A fire dragon (Shoals:2)
  6 deep elf death magi
  A deep elf high priest (Elf:3)
  A yaktaur captain (D:15)
  An ogre mage (D:15)
  A boulder beetle (D:14)
  Erolcha (D:12)
  A rakshasa (D:15)
  5 hydras
  4 catoblepae
  An ice dragon (Shoals:2)
  11 anacondas
  11 naga warriors
  7 centaur warriors
  A satyr (Shoals:1)
  9 two-headed ogres
  25 dancing weapons
  A deep troll shaman (D:15)
  11 death yaks
  A tengu warrior (D:15)
  2 orc high priests
  8 naga sharpshooters
  6 shock serpents
  14 deep elf knights
  A hell knight (Volcano)
  2 salamander mystics
  A spatial maelstrom (Abyss:2)
  4 large abominations (Abyss:2)
  5 sea snakes
  A deep troll (D:15)
  2 unseen horrors
  7 naga ritualists
  12 deep elf archers
  An orange crystal statue (Elf:1)
  6 harpies
  A lindwurm (D:14)
  4 orc knights
  9 mana vipers
  6 orc sorcerers
  A necromancer (D:13)
  4 oklob plants (Lair:4)
  The ghost of ciphuk the Covert, a novice VSBr of Uskayaw (D:6)
  6 manticores
  51 deep elf magi
  16 ugly things
  7 salamanders
  2 merfolk sirens
  10 fauns
  A gargoyle (D:15)
  Psyche (D:11)
  3 ice statues (IceCv)
  16 elephants
  28 black mambas
  6 guardian serpents
  A guardian serpent (shapeshifter) (D:13)
  6 cane toads
  16 naga magi
  A torpor snail (D:10)
  2 kobold demonologists
  9 yaktaurs
  An anaconda simulacrum (IceCv)
  An ancient zyme (Abyss:2)
  4 rime drakes
  10 ice devils (IceCv)
  8 komodo dragons
  A golden dragon simulacrum (IceCv)
  9 merfolk
  4 trolls
  A wind drake (Shoals:1)
  4 polar bears
  6 blink frogs
  3 snapping turtles
  10 slime creatures
  3 air elementals
  33 yaks
  5 basilisks
  7 water elementals
  3 wyverns
  2 shadows
  2 fire elementals (Elf:2)
  Grum (D:8)
  2 dire elephant simulacra (IceCv)
  2 hogs (D:12)
  2 vampire mosquitoes (D:12)
  3 harpy simulacra (IceCv)
  3 wargs
  51 nagas
  16 water moccasins
  3 soldier ants
  A hydra simulacrum (IceCv)
  5 black bears
  27 orc warriors
  6 ice beasts
  6 sky beasts
  The ghost of Sliveroverlord the Chopper, an amateur MiBe of Trog (D:3)
  2 ettin simulacra (IceCv)
  2 phantoms
  A hornet zombie (D:14)
  An eye of draining (D:14)
  A necrophage (D:13)
  27 centaurs
  12 ogres
  22 wolves
  5 big kobolds
  Blork the orc (D:4)
  2 elf zombies (Ossuary)
  25 bullfrogs
  A gnoll sergeant (D:13)
  An earth elemental (Elf:3)
  2 wyvern skeletons
  A small abomination (Elf:2)
  4 scorpions
  6 killer bees
  11 wights
  5 electric eels
  A spectral bullfrog (D:6)
  2 bullfrog zombies
  2 centaur zombies
  A quasit (D:5)
  2 jellies
  25 orc priests
  5 hounds
  2 human zombies (Ossuary)
  3 iguanas
  Ijyb (D:3)
  5 centaur skeletons
  32 orc wizards
  18 worker ants
  A big kobold zombie (Ossuary)
  2 bullfrog simulacra (D:8)
  A centaur simulacrum (D:8)
  2 hound zombies
  2 hound skeletons (D:6)
  2 mummies (Ossuary)
  A killer bee simulacrum (D:8)
  2 worker ant zombies
  4 gnolls
  10 adders
  A howler monkey skeleton (D:10)
  2 shadow imps
  6 white imps
  4 ufetubi
  3 oozes
  2 adder skeletons
  2 adder zombies
  2 worms
  2 dart slugs
  2 adder simulacra (D:8)
  5 leopard geckos
  110 orcs
  5 giant cockroaches
  12 goblins
  4 hobgoblins
  7 jackals
  35 kobolds
  6 quokkas
  A ball python (D:4)
  7 bats
  10 frilled lizards
  8 hobgoblin zombies (Ossuary)
  A jackal skeleton (D:6)
  2 jackal zombies (Ossuary)
  10 kobold zombies (Ossuary)
  A leopard gecko zombie (D:5)
  10 orc zombies (Ossuary)
  A quokka simulacrum (D:8)
  8 rats
  A rat zombie (Ossuary)
  A spectral orc (D:2)
  A bush (Shoals:2)
1203 creatures vanquished.

Vanquished Creatures (others)
  2 deep elf knights (Elf:2)
  An unseen horror (D:15)
  2 deep elf magi
  A merfolk (Shoals:2)
  An orc wizard (D:7)
  A leopard gecko (D:1)
  A rat (D:1)
  59 fungi
  142 plants
210 creatures vanquished.

Grand Total: 1413 creatures vanquished

Notes
Turn   | Place    | Note
-------+----------+-------------------------------------------
     0 | D:1      | Eurus the Draconian Transmuter began the quest for the Orb.
     0 | D:1      | Reached XP level 1. HP: 16/16 MP: 3/3
    55 | D:1      | Reached XP level 2. HP: 19/23 MP: 3/5
   285 | D:1      | Learned a level 2 spell: Wereblood
   477 | D:1      | Reached XP level 3. HP: 28/29 MP: 4/6
  1062 | D:2      | Found a basalt altar of Yredelemnul.
  1259 | D:2      | Reached XP level 4. HP: 36/36 MP: 5/7
  1490 | D:2      | Found a white marble altar of Elyvilon.
  2356 | D:3      | Reached XP level 5. HP: 30/39 MP: 7/9
  2488 | D:3      | Found a runed translucent door.
  2490 | D:3      | Noticed Sliveroverlord's ghost (amateur MiBe)
  2490 | D:3      | Noticed a wyvern
  2667 | D:3      | Found a blossoming altar of Fedhas.
  2741 | D:3      | Noticed Ijyb
  2768 | D:3      | Killed Ijyb
  3818 | D:4      | Reached XP level 6. HP: 46/51 MP: 8/10
  4242 | D:4      | Noticed Blork the orc
  4261 | D:4      | Killed Blork the orc
  4640 | D:5      | Entered Level 5 of the Dungeon
  4902 | D:5      | Your scales start taking on a pale cyan-grey colour.
  4902 | D:5      | Reached XP level 7. HP: 57/57 MP: 10/12
  5083 | D:5      | Found a shadowy altar of Dithmenos.
  5202 | D:5      | Found a staircase to the Ecumenical Temple.
  5225 | Temple   | Entered the Ecumenical Temple
  5610 | D:5      | Reached skill level 5 in Unarmed Combat
  5928 | D:5      | Found a snail-covered altar of Cheibriados.
  6055 | D:5      | Reached XP level 8. HP: 67/67 MP: 12/14
  6282 | D:6      | Found a runed translucent gate.
  6283 | D:6      | Found a runed translucent gate.
  6284 | D:6      | Found a runed translucent gate.
  6285 | D:6      | Noticed ciphuk's ghost (novice VSBr)
  6497 | D:6      | Got a pitted tin amulet
  6498 | D:6      | Identified the amulet of Life {Inacc rC+ Dex+2} (You found
                  | it on level 6 of the Dungeon)
  6699 | D:6      | Reached skill level 5 in Fighting
  6719 | D:6      | Reached skill level 5 in Transmutations
  6794 | D:6      | Found a stormy altar of Qazlal.
  6808 | D:6      | Became a worshipper of Qazlal Stormbringer
  7601 | D:6      | Reached skill level 5 in Spellcasting
  7731 | D:7      | Found a flagged portal.
  7740 | D:7      | Reached skill level 5 in Dodging
  7768 | Bailey   | Entered a bailey
  7790 | Bailey   | Reached * piety under Qazlal
  7881 | Bailey   | Reached XP level 9. HP: 53/75 MP: 16/16
  8244 | Bailey   | Noticed an orc knight
  8263 | Bailey   | Killed an orc knight
  8505 | Bailey   | Noticed an orc knight
  8984 | D:7      | Identified a scroll of acquirement
  8984 | D:7      | Acquired 916 gold pieces
  9128 | D:7      | Reached ** piety under Qazlal
  9417 | D:7      | Found an ancient bone altar of Kikubaaqudgha.
  9417 | D:7      | Found a hazy altar of Hepliaklqana.
  9432 | D:7      | Found Taufinim's Gadget Shoppe.
  9486 | D:7      | Found a bloodstained altar of Trog.
  9841 | D:8      | Noticed a polar bear
  9968 | D:8      | Killed a polar bear
 10198 | D:8      | Reached XP level 10. HP: 69/86 MP: 19/19
 10201 | D:8      | Found a sand-covered staircase.
 10220 | Ossuary  | Entered an ossuary
 10375 | Ossuary  | Reached *** piety under Qazlal
 10752 | D:8      | Reached **** piety under Qazlal
 11048 | D:8      | Noticed Grum
 11060 | D:8      | Killed Grum
 12359 | D:8      | Found a shimmering altar of Xom.
 12882 | D:9      | Identified the +4 dagger of Risk Management {antimagic,
                  | rElec}
 13315 | D:10     | Entered Level 10 of the Dungeon
 13415 | D:10     | Found a portal to a secret trove of treasure.
 13444 | D:10     | Reached XP level 11. HP: 82/95 MP: 21/21
 13606 | D:10     | Reached ***** piety under Qazlal
 13933 | D:10     | Noticed a two-headed ogre
 13948 | D:10     | Killed a two-headed ogre
 14052 | D:10     | Found a staircase to the Lair.
 14240 | Trove    | Entered a treasure trove
 14265 | Trove    | Found the -2 hat of the Alchemist {rElec rPois rF+ rC+ rN+
                  | Will+ rMut rCorr}
 14271 | Trove    | Got a scorched hat
 14299 | Trove    | Got a scintillating silver amulet
 14406 | Trove    | Identified the +2 hat of Qeakleil {rPois rC- Dex+4} (You
                  | found it in a treasure trove)
 14447 | Trove    | Identified the amulet of Wigoskex {RegenMP rC+} (You found
                  | it in a treasure trove)
 14540 | D:11     | Learned a level 1 spell: Magic Dart
 14608 | D:11     | Noticed a four-headed hydra
 14630 | D:11     | Killed a four-headed hydra
 14862 | D:11     | Noticed a soul eater
 15047 | D:11     | Found a staircase to the Orcish Mines.
 15298 | D:11     | Noticed Psyche
 15309 | D:11     | Killed Psyche
 15782 | D:11     | Noticed a two-headed ogre
 16210 | D:12     | Noticed a purple ugly thing
 16224 | D:12     | Killed a purple ugly thing
 16380 | D:12     | Noticed a six-headed hydra
 16405 | D:12     | Killed a six-headed hydra
 16621 | D:12     | Noticed Snorg
 16628 | D:12     | Killed Snorg
 16629 | D:12     | Reached XP level 12. HP: 73/106 MP: 22/24
 16791 | D:12     | Noticed Kirke
 16813 | D:12     | Noticed a sphinx
 16824 | D:12     | Killed Kirke
 16825 | D:12     | Reached skill level 10 in Fighting
 16957 | D:12     | Noticed Erolcha
 16996 | D:12     | Killed Erolcha
 17346 | D:11     | Killed a two-headed ogre
 17463 | D:11     | Reached skill level 10 in Unarmed Combat
 17686 | D:13     | Learned a level 5 spell: Blade Hands
 18489 | D:13     | Noticed a two-headed ogre
 18515 | D:13     | Killed a two-headed ogre
 18516 | D:13     | Reached skill level 10 in Transmutations
 18941 | D:14     | Found a radiant altar of Vehumet.
 18992 | D:14     | Noticed an ettin
 19009 | D:14     | Noticed a centaur warrior
 19187 | Lair:1   | Entered Level 1 of the Lair of Beasts
 19604 | Lair:1   | Noticed a death yak
 19607 | Lair:1   | Noticed a death yak
 19608 | Lair:1   | Noticed an eight-headed hydra
 19665 | Orc:1    | Entered Level 1 of the Orcish Mines
 20518 | Orc:2    | Entered Level 2 of the Orcish Mines
 20895 | Orc:2    | Noticed an orc high priest
 21321 | Orc:1    | Killed an orc high priest
 21322 | Orc:1    | Reached XP level 13. HP: 113/113 MP: 19/26
 21372 | Orc:2    | Found a staircase to the Elven Halls.
 22033 | Orc:2    | Found Oprydwois's Distillery.
 22033 | Orc:2    | Found Hoorghiol's General Store.
 22034 | Orc:2    | Found Ucve's Distillery.
 22037 | Orc:2    | Found Ogrollel's Distillery.
 22191 | Orc:2    | Bought a potion of might for 48 gold pieces
 22192 | Orc:2    | Bought a potion of might for 64 gold pieces
 22193 | Orc:2    | Bought a potion of might for 56 gold pieces
 22603 | Orc:2    | Reached skill level 10 in Dodging
 22999 | D:10     | Reached skill level 10 in Spellcasting
 23309 | D:10     | Reached XP level 14. HP: 121/121 MP: 28/28
 23833 | Lair:1   | Learned a level 3 spell: Mephitic Cloud
 24272 | Lair:2   | Found a dark tunnel.
 24277 | Volcano  | Entered a volcano
 24356 | Volcano  | Reached skill level 1 in Air Magic
 24367 | Volcano  | Reached skill level 1 in Conjurations
 24367 | Volcano  | Reached skill level 1 in Poison Magic
 25306 | Lair:2   | Found a staircase to the Snake Pit.
 25956 | Lair:3   | Learned a level 2 spell: Swiftness
 25961 | Lair:3   | Learned a level 4 spell: Airstrike
 26774 | Lair:4   | Found a staircase to the Shoals.
 28054 | Lair:5   | Reached XP level 15. HP: 127/127 MP: 29/29
 29089 | Lair:6   | Entered Level 6 of the Lair of Beasts
 29152 | Lair:6   | Found a staircase to the Slime Pits.
 29165 | Lair:6   | Found a viscous altar of Jiyva.
 32041 | D:3      | Killed Sliveroverlord's ghost
 32185 | D:6      | Killed ciphuk's ghost
 33587 | D:14     | Found a gate to the Vaults.
 33779 | D:15     | Entered Level 15 of the Dungeon
 33859 | D:15     | Found Ureluasm's Book Shop.
 34018 | D:15     | Reached XP level 16. HP: 133/138 MP: 27/31
 34021 | D:15     | Found a staircase to the Depths.
 35158 | Snake:1  | Entered Level 1 of the Snake Pit
 35532 | Snake:1  | Reached ****** piety under Qazlal
 36438 | Snake:1  | Found a sparkling altar of Nemelex Xobeh.
 36685 | D:15     | Bought a book of Transfigurations for 715 gold pieces
 36693 | D:15     | Learned a level 7 spell: Dragon Form
 37222 | Snake:1  | Found Nunoin's Distillery.
 37665 | Snake:2  | Found Garuliop's Gadget Emporium.
 38422 | Snake:3  | Found Boda Doa's Gadget Shoppe.
 39510 | Snake:4  | Entered Level 4 of the Snake Pit
 39904 | Snake:4  | Reached skill level 5 in Air Magic
 39904 | Snake:4  | Reached XP level 17. HP: 100/148 MP: 22/33
 40529 | Snake:4  | Found a runed translucent door.
 40565 | Snake:4  | Identified the +9 great mace of Fear {vorpal, rElec rN+}
 40565 | Snake:4  | Noticed Vashnia
 41113 | Snake:4  | Killed Vashnia
 41773 | Snake:4  | Reached skill level 15 in Unarmed Combat
 41992 | Snake:4  | Noticed Asterion
 42093 | Shoals:1 | Entered Level 1 of the Shoals
 43201 | Shoals:1 | Noticed Frances
 43210 | Shoals:1 | Killed Frances
 43591 | Shoals:1 | Reached skill level 15 in Transmutations
 44214 | Shoals:2 | Noticed Nikola
 44239 | Shoals:2 | Noticed Polyphemus
 44460 | Slime:1  | Entered Level 1 of the Pits of Slime
 44917 | Elf:1    | Entered Level 1 of the Elven Halls
 45422 | Elf:1    | Identified the Papyrus of Battle Magic
 45547 | Elf:1    | Found a radiant altar of Vehumet.
 45893 | Elf:2    | Reached XP level 18. HP: 124/159 MP: 30/34
 46910 | Elf:2    | Found a runed translucent gate.
 46910 | Elf:2    | Found a runed translucent gate.
 46910 | Elf:2    | Found a runed translucent gate.
 49205 | Elf:3    | Entered Level 3 of the Elven Halls
 49413 | Elf:3    | Found a frozen archway.
 49424 | IceCv    | Entered an ice cave
 49945 | IceCv    | Noticed an Ice Fiend
 49954 | IceCv    | Killed an Ice Fiend
 51109 | Elf:3    | Reached skill level 10 in Air Magic
 51172 | Elf:3    | Reached XP level 19. HP: 153/169 MP: 35/35
 51748 | Elf:3    | Reached skill level 15 in Fighting
 51750 | Elf:3    | Noticed a Brimstone Fiend
 51945 | Elf:3    | Cast into level 2 of the Abyss (a deep elf demonologist)
 51960 | Abyss:2  | Found a corrupted altar of Lugonu.
 52156 | Elf:3    | Escaped the Abyss
 52958 | Elf:3    | Identified the +3 glaive of Senoty {antimagic, *Slow rC+
                  | Int+5}
 53083 | Elf:3    | Identified the Papyrus of Confrontation
 53247 | Elf:3    | Got a heavily runed jade ring
 53280 | Elf:3    | Identified Sif Muna's Reference Book on Frigorific
                  | Translocation
 53384 | Elf:3    | Identified the ring "Qaurod" {+Fly rElec rC+} (You found it
                  | on level 3 of the Elven Halls)
 53841 | Depths:1 | Entered Level 1 of the Depths
 54240 | Shoals:2 | Noticed Donald
 54256 | Shoals:1 | Killed Polyphemus
 54916 | Lair:4   | Killed Nikola
 54931 | Shoals:1 | Killed Donald
 55680 | Shoals:2 | Noticed Aizul
 55741 | Shoals:2 | Killed Aizul
 56727 | Shoals:3 | HP: 2/170 [merfolk impaler/+0 trident of pain (21)]
 56727 | Shoals:3 | Slain by a merfolk impaler

Illustrated notes

Levels and vault maps discovered:
D:1:      minmay_arrival_cross, layout_loops_cross, st_stairs_4,
          lemuel_flame_loot_1
D:2:      layout_rooms, lemuel_crystal_altar,
          yredelemnul_forgotten_temple_becter, serial_rivers,
          chequers_serial_rivers_micro_d, chequers_serial_rivers_micro_c,
          chequers_serial_rivers_small_3, chequers_serial_rivers_micro_b,
          chequers_serial_rivers_marsh, chequers_serial_rivers_marsh
D:3:      layout_loops_ring, fedhas_altar_2, ebering_ghost_inner_flame,
          serial_forest, infiniplex_forest_lined_2,
          infiniplex_forest_clump_diagonal, infiniplex_forest_clump_curved,
          infiniplex_forest_lined_3, infiniplex_forest_lined_corner,
          infiniplex_forest_lined_corner, infiniplex_forest_clump_long,
          infiniplex_forest_end_3, minmay_circle_x, uniq_ijyb
D:4:      layout_basic, serial_aquarium, aquarium_bridge_long_separate
          [aquarium_subvault_window, aquarium_subvault_wall,
          aquarium_subvault_bridge, aquarium_subvault_balcony,
          aquarium_subvault_bridge, aquarium_subvault_bridge],
          aquarium_window_3, aquarium_window_corner, aquarium_window_2,
          aquarium_view_2e, aquarium_balcony_3a, uniq_blork_the_orc
D:5:      layout_basic, cheibrodos_worm_habitat, minmay_temple_entry_slanted,
          basic_altar, zaba_anthole, kb_lookout_dungeons_type,
          hangedman_decor_peaks_small
D:6:      layout_basic, grunt_qazlal_clouds, gammafunk_ghost_necromancy,
          corner_web_ring
D:7:      layout_layer_cave, trog_ov_bears_minmay,
          gammafunk_temple_overflow_wave, serial_shops, shop, enter_bailey_5
D:8:      layout_rooms, lemuel_coloured_pillars_altar, enter_ossuary_1,
          serial_ice, serial_ice_a, serial_ice_k, serial_ice_f, serial_ice_b,
          serial_ice_o, serial_ice_m, serial_ice_h, serial_ice_c, serial_ice_d,
          serial_ice_g, uniq_grum
D:9:      layout_small_grid
D:10:     layout_rooms, due_lair_maze_entry_diamond, enter_trove_2
D:11:     layout_roguey, orc_0_dummy, serial_co_window_serial,
          co_window_paths_b, co_window_corner_a, co_window_paths_a,
          co_window_paths_b, co_window_corner_a, co_window_of_opportunity_b,
          co_window_unsneaky_path_c, co_window_unsneaky_path_e,
          co_window_paths_d, glass_columns_c, uniq_psyche
D:12:     layout_stronghold, uniq_erolcha, uniq_kirke, uniq_snorg
D:13:     layout_basic, hex_large
D:14:     layout_basic, david_vaults_4, serial_park_square2
D:15:     grunt_enter_depths_snipers, layout_rooms, bh_walls_and_bars,
          serial_shops, shop, minmay_misc_feat_x
Temple:   dshaligram_water_room_temple
Lair:1:   layout_hall_layers, gauntlet_entry_generic, serial_bayou_shore_a
Lair:2:   layout_regular_city, minmay_snake_entry_guardpost_medium,
          enter_volcano_1, grunt_megastairs_3
Lair:3:   layout_regular_city, lemuel_fruit_tree
Lair:4:   layout_gridlike, minmay_shoals_entry_centaurs,
          minmay_lair_oklob_chamber, infiniplex_staircase_pool_2
Lair:5:   layout_misc_corridors
Lair:6:   due_jungle_book, layout_misc_corridors, slime_altar_1,
          serial_bayou_shore_b
Shoals:1: layout_shoals, uniq_frances
Shoals:2: argonaut_golden_fleece, layout_shoals, yaktaur_hedge, uniq_donald,
          uniq_nikola, uniq_polyphemus, uniq_aizul
Shoals:3: layout_shoals
Snake:1:  layout_gridlike, serial_shops, shop, lemuel_altar_in_water2,
          serial_bayou_shore_b
Snake:2:  layout_concentric_octagons, serial_shops, shop, grunt_megastairs_2
Snake:3:  layout_gridlike, serial_shops, shop
Snake:4:  johnstein_snake_rune_scales, layout_basic, grunt_ministairs_2,
          lightli_airlock, uniq_asterion
Slime:1:  layout_caves, cheibrodos_slime_lost_civilization_7
Orc:1:    layout_caves
Orc:2:    st_orc_mages, layout_diamond_mine
Elf:1:    elf_arrival_001, layout_geoelf_octagon, basic_altar,
          minmay_elf_annihilation, minivault_16
Elf:2:    layout_geoelf_octagon
Elf:3:    elf_hall, layout_geoelf_octagon, portal_ice_cave_entry_pillars_1,
          nicolae_elf_w_pinch, minivault_26, st_stairs_7, minivault_26
Depths:1: layout_gridville, minmay_stone_trees_medium, hell_entry,
          ebering_ghost_reflecting_pool, grunt_pan_entry_sceptre,
          chequers_serial_rivers_room_b, minivault_14, minivault_11,
          hangedman_decor_clover_reticule, skrybe_limestone_x,
          lemuel_flames_and_gold

Skill      XL: |  1  2  3  4  5  6  7  8  9 10 11 12 13 14 15 16 17 18 19 |
---------------+----------------------------------------------------------+-----
Dodging        | 2 3 4 5 6 7 8 9 10 11 12 13 14 | 14.2
Fighting       | 2 3 4 5 7 8 9 10 11 12 13 14 15 | 15.4
Transmutations | 3 4 5 6 7 9 10 11 12 13 14 15 16 | 16.4
Unarmed Combat | 4 5 6 7 8 9 10 12 13 14 15 16 | 16.6
Spellcasting   | 3 4 5 6 7 8 9 10 11 12 | 12.0
Air Magic      | 3 5 7 10 11 | 11.0
Conjurations   | 2 4 |  4.0
Poison Magic   | 2 4 |  4.0

Action                   |  1- 3 |  4- 6 |  7- 9 | 10-12 | 13-15 | 16-18 | 19-21 || total
-------------------------+-------+-------+-------+-------+-------+-------+-------++-------
Melee: Unarmed           |   145 |   211 |   296 |   709 |   603 |  1043 |   205 ||  3212
       Headbutt          |    12 |    25 |    53 |   120 |     5 |     1 |       ||   216
       Kick              |    12 |    36 |    70 |   187 |     3 |     2 |       ||   310
       Tailslap          |    12 |    24 |    37 |   117 |   118 |   182 |    39 ||   529
       Punch             |     1 |     6 |     8 |    36 |    43 |   122 |    26 ||   242
       Bite              |       |       |       |       |       |       |     1 ||     1
 Cast: Beastly Appendage |    14 |    23 |    47 |    78 |     3 |     1 |       ||   166
       Wereblood         |       |     5 |     4 |    16 |    23 |     6 |     4 ||    58
       Blade Hands       |       |       |       |     9 |    74 |   137 |    37 ||   257
       Magic Dart        |       |       |       |     2 |       |     7 |    16 ||    25
       Airstrike         |       |       |       |       |       |     3 |       ||     3
       Dragon Form       |       |       |       |       |       |       |     3 ||     3
 Abil: Breathe Steam     |       |       |    21 |    45 |    32 |    71 |    11 ||   180
Evoke: Wand              |       |       |       |       |     1 |       |       ||     1
  Use: Scroll            |       |     5 |    14 |    13 |     8 |     4 |     4 ||    48
       Potion            |       |       |     3 |     4 |     3 |     1 |     4 ||    15
 Stab: Sleeping          |     1 |       |     1 |     2 |       |       |       ||     4
       Petrified         |       |       |       |       |     2 |       |       ||     2
       Petrifying        |       |       |       |       |     1 |       |       ||     1
Armor: Skin              |    60 |    58 |   141 |   172 |    99 |   174 |    51 ||   755
Dodge: Dodged            |   139 |   130 |   292 |   535 |   434 |   944 |   272 ||  2746
       Repelled          |       |       |       |     4 |    16 |    53 |     5 ||    78
Block: Other             |       |       |    16 |   111 |   150 |   386 |   103 ||   766
